 Dungeon Crawl Stone Soup version 0.17-a0-2127-g1cb09f6 (webtiles) character file.

1162 Maka the Basher (level 8, -1/78 HPs)
             Began as an Ogre Berserker on Oct 22, 2015.
             Was a Priest of Trog.
             Slain by Prince Ribbit (13 damage)
             ... on level 5 of the Dungeon.
             The game lasted 00:09:33 (4911 turns).

Maka the Basher (Ogre Berserker)                    Turns: 4911, Time: 00:09:33

Health: -1/78      AC:  3    Str: 23    XL:     8   Next: 40%
Magic:  8/8        EV: 18    Int:  6    God:    Trog [***...]
Gold:   229        SH:  0    Dex: 16    Spells: 0 memorised, 7 levels left

rFire  . . .     SeeInvis .     a - +2 flail (drain)
rCold  . . .     Clarity  .     b - +0 animal skin
rNeg   . . .     SustAt   .     (no shield)
rPois  +         Gourm    .     (helmet restricted)
rElec  .         Spirit   .     (no cloak)
rCorr  .         Warding  .     (gloves unavailable)
rMut   .         Stasis   .     (boots unavailable)
MR     ++...                    (no amulet)
Stlth  ++........               y - ring of poison resistance
                                g - ring of flight

@: agile, regenerating, very resistant to hostile enchantments, unstealthy
A: unfitting armour, tough skin 1
a: Berserk, Trog's Hand, Burn Spellbooks, Renounce Religion, Evoke Flight


You were on level 5 of the Dungeon.
You worshipped Trog.
Trog was most pleased with you.
You were not hungry.

You visited 1 branch of the dungeon, and saw 5 of its levels.

You collected 229 gold pieces.

Inventory:

Hand Weapons
 a - a +2 flail of draining (weapon)
Armour
 b - a +0 animal skin (worn)
Jewellery
 g - a ring of flight (left hand)
 y - a ring of poison resistance (right hand)
Scrolls
 o - 2 scrolls of teleportation
Potions
 d - a potion of might {unknown}
 e - 2 potions of lignification
 f - 4 potions of cancellation
 h - a potion of resistance {unknown}
 i - a potion of haste {unknown}
 j - a potion of flight {unknown}
 k - a potion of berserk rage {unknown}
 m - 2 potions of agility
 p - 4 potions of curing
Comestibles
 c - 3 bread rations
 r - a meat ration


   Skills:
 - Level 4.0 Fighting
 + Level 10.4 Maces & Flails
 - Level 6.3 Dodging


You had 7 spell levels left.
You didn't know any spells.

Dungeon Overview and Level Annotations

Branches:
Dungeon (5/15)
 Temple: D:4-7

Altars:
Ru
Vehumet

Shops:
D:5 ::

Annotations:
D:5 Fugu's ghost, novice VSEn; Prince Ribbit


Innate Abilities, Weirdness & Mutations

You are too large for most types of armour.
You have tough skin (AC +1).


Message History

You hit Prince Ribbit.
Prince Ribbit is lightly wounded.
Prince Ribbit blinks!
Prince Ribbit blinks!
Prince Ribbit hits you! x2
* * * LOW HITPOINT WARNING * * *
You are too injured to fight recklessly!
You sock Prince Ribbit! You drain Prince Ribbit!
Prince Ribbit is heavily wounded.
You feel the effects of Trog's Hand fading.
Prince Ribbit hits you!
* * * LOW HITPOINT WARNING * * *
Prince Ribbit asks, "Just a little smooch?"
Drink which item? (? for menu, Esc to quit)
You feel better. Prince Ribbit hits you.
* * * LOW HITPOINT WARNING * * *
Drink which item? (? for menu, Esc to quit)
You feel agile all of a sudden. Prince Ribbit hits you!
You die...

#.# #.#.# #.# #.#
### ... ##.#.###.#
#.# #.. ...## ?....
..# #.# #.# #####
#.#.# ## #.# #..
###.#.#######.# #..
#.............####..
#.....####..........
#..F..# #(.########
#..@..# #..# #
#.....# #..# ###.###
#..#
...#####..########
...................
##...#####..########
##.## #..# #.# #..#
#..#


You could see Prince Ribbit.

Vanquished Creatures
  Menkaure (D:4)
  Edmund (D:4)
  Duvessa (D:4)
  An orc warrior (D:4)
  Dowan (D:4)
  2 scorpions
  4 orc wizards
  3 orc priests
  A hound (D:4)
  A giant frog skeleton (D:5)
  2 worker ants (D:5)
  Robin (D:4)
  5 adders
  4 gnolls (D:5)
  2 shadow imps (D:5)
  5 oozes
  3 worms
  3 giant geckos (D:1)
  20 orcs
  3 giant cockroaches
  10 hobgoblins
  3 jackals (D:1)
  4 kobolds
  5 quokkas
  A ball python (D:4)
  7 bats
  16 giant newts
  14 goblins
  13 rats
137 creatures vanquished.

Notes
Turn   | Place    | Note
--------------------------------------------------------------
     0 | D:1      | Maka the Ogre Berserker began the quest for the Orb.
     0 | D:1      | Reached XP level 1. HP: 24/24 MP: 1/1
   105 | D:1      | Reached XP level 2. HP: 32/32 MP: 2/2
   226 | D:1      | Reached skill level 5 in Maces & Flails
   495 | D:1      | Reached XP level 3. HP: 24/39 MP: 3/3
   634 | D:1      | Reached ** piety under Trog
  1062 | D:2      | Reached skill level 6 in Maces & Flails
  1149 | D:2      | Reached XP level 4. HP: 40/48 MP: 4/4
  1388 | D:2      | Reached skill level 7 in Maces & Flails
  1691 | D:2      | Reached *** piety under Trog
  1879 | D:2      | Found a sacrificial altar of Ru.
  1879 | D:2      | Found a radiant altar of Vehumet.
  1968 | D:3      | Found a faded altar to an unknown god.
  2000 | D:3      | Reached XP level 5. HP: 52/54 MP: 5/5
  2661 | D:4      | Noticed Menkaure
  2667 | D:4      | Killed Menkaure
  2667 | D:4      | Reached skill level 8 in Maces & Flails
  2667 | D:4      | Reached XP level 6. HP: 39/62 MP: 6/6
  2895 | D:4      | Noticed Edmund
  2910 | D:4      | Killed Edmund
  2913 | D:4      | Reached XP level 7. HP: 70/70 MP: 7/7
  3155 | D:4      | Noticed an orc warrior
  3191 | D:4      | Killed an orc warrior
  3191 | D:4      | Reached skill level 5 in Dodging
  3408 | D:4      | Reached **** piety under Trog
  3541 | D:4      | Noticed Duvessa
  3551 | D:4      | Noticed Dowan
  3568 | D:4      | Killed Duvessa
  3582 | D:4      | Killed Dowan
  3634 | D:4      | Noticed Robin
  3640 | D:4      | Killed Robin
  3651 | D:4      | Reached XP level 8. HP: 28/78 MP: 8/8
  3999 | D:5      | Entered Level 5 of the Dungeon
  4000 | D:5      | Found Gyriusio's Book Shop.
  4021 | D:5      | Reached skill level 9 in Maces & Flails
  4048 | D:5      | Noticed Fugu's ghost (novice VSEn)
  4197 | D:5      | Found Kiakherili's Book Shoppe.
  4262 | D:5      | Noticed Prince Ribbit
  4360 | D:5      | Reached skill level 10 in Maces & Flails
  4908 | D:5      | HP: 2/78 [Prince Ribbit (7)]
  4911 | D:5      | Slain by Prince Ribbit

Vault maps used:
D:1:      minmay_arrival_nine_rooms, minmay_door_square, minmay_lizard_king
D:2:      kennysheep_big_flooded_room, amethyst_overflow_temple_binary,
          minmay_ruptured
D:3:      ecumenical_altar_1
D:4:      first_bread, guppyfry_early_orc_mine, uniq_duvessa, uniq_menkaure,
          uniq_edmund, uniq_robin
D:5:      serial_shops, nicolae_shop_trees, nicolae_shop_statue_plus,
          amethyst_killhole, uniq_prince_ribbit1

Action                   |  1- 3 |  4- 6 |  7- 9 || total
-------------------------+-------+-------+-------++-------
Melee: Mace              |   139 |   138 |       ||   277
       Flail             |       |       |   210 ||   210
Invok: Berserk           |       |     2 |     4 ||     6
       Trog's Hand       |       |       |     5 ||     5
  Use: Scroll            |       |     6 |     7 ||    13
       Potion            |       |       |     2 ||     2
 Stab: Sleeping          |       |     2 |       ||     2
  Eat: Chunk             |     1 |     6 |     8 ||    15
       Pizza             |       |       |     3 ||     3
       Beef jerky        |       |       |     1 ||     1
